 Dungeon Crawl Stone Soup version 0.21.1-1-g345015f (webtiles) character file.

25 letownia2 the Magician (level 3, 0/19 HPs)
             Began as a Tengu Wizard on Mar 2, 2018.
             Slain by an orc
             ... wielding a +0 flail
              (5 damage)
             ... on level 4 of the Dungeon.
             The game lasted 00:02:51 (495 turns).

letownia2 the Magician (Tengu Wizard)                Turns: 495, Time: 00:02:52

Health: 0/19       AC:  5    Str:  7    XL:     3   Next: 6%
Magic:  1/9        EV: 12    Int: 19    God:
Gold:   73         SH:  0    Dex: 12    Spells: 0/9 levels left

rFire    . . .     SeeInvis .   e - +0 short sword
rCold    . . .     Gourm    .   (no shield)
rNeg     . . .     Faith    .   a - +0 robe
rPois    .         Spirit   .   b - +0 hat
rElec    .         Reflect  .   (no cloak)
rCorr    .         Harm     .   t - +2 pair of gloves
MR       .....                  (boots unavailable)
Stlth    ++........             (no amulet)
HPRegen  0.06/turn              (no ring)
MPRegen  0.11/turn              (no ring)

@: very slightly contaminated
A: beak, talons 3
a: no special abilities


You were on level 4 of the Dungeon.
You were not hungry.

You visited 1 branch of the dungeon, and saw 4 of its levels.

You collected 73 gold pieces.

Inventory:

Hand Weapons
 e - a +0 short sword (weapon)
 f - a +0 hunting sling
 p - a +0 spear
Missiles
 j - 25 bolts
Armour
 a - a +0 robe (worn)
 b - a +0 hat (worn)
 i - a +0 ring mail
 t - a +2 pair of gloves (worn)
Scrolls
 g - a scroll of magic mapping {unknown}
 h - a scroll of identify {unknown}
 k - a scroll of teleportation {unknown}
 n - a scroll of enchant armour {unknown}
 q - a scroll of remove curse {unknown}
 s - a scroll of noise {unknown}
Potions
 l - a potion of lignification {unknown}
 m - a potion of agility {unknown}
 o - a potion of curing {unknown}
 r - a potion of flight {unknown}
Books
 c - a book of Minor Magic

   Spells                             Type                      Level
   a - Magic Dart                     Conjuration                  1
   b - Blink                          Translocation                2
   c - Call Imp                       Summoning                    2
   d - Slow                           Hexes                        2
   e - Conjure Flame                  Conjuration/Fire             3
   f - Mephitic Cloud                 Conjuration/Poison/Air       3
Comestibles
 d - 8 rations


   Skills:
 + Level 2.5 Dodging
 + Level 2.0 Stealth
 + Level 3.7 Spellcasting
 + Level 1.4 Conjurations
   Level 1.2 Summonings
 + Level 0.7 Translocations


You couldn't memorise any spells.
You knew the following spells:

 Your Spells              Type           Power        Failure   Level  Hunger
a - Magic Dart            Conj           #...         8%          1    None
b - Blink                 Tloc           N/A          16%         2    ##.....
c - Conjure Flame         Conj/Fire      #.......     30%         3    ###....
e - Mephitic Cloud        Conj/Pois/Air  #.......     34%         3    ###....


Dungeon Overview and Level Annotations

Branches:
Dungeon (4/15)
 Temple: D:4-7

Altars:


Innate Abilities, Weirdness & Mutations

You have a beak for a mouth.
You have claws for feet.


Message History

Casting: Magic Dart
Confirm with . or Enter, or press ? or * to list all spells.
Aiming: Magic Dart
Press: ? - help, Shift-Dir - straight line, f/p - orc
Aim: an orc, wielding a flail and wearing a ring mail (moderately wounded)
You miscast Magic Dart.
You smell something strange.
Unknown command.
You hit the orc but do no damage.
The orc is moderately wounded.
The orc misses you.
Unknown command.
Casting: Magic Dart
Confirm with . or Enter, or press ? or * to list all spells.
Aiming: Magic Dart
Press: ? - help, Shift-Dir - straight line, f/p - orc
Aim: an orc, wielding a flail and wearing a ring mail (moderately wounded)
The magic dart hits the orc.
The orc is moderately wounded.
The orc hits you with a flail.
You die...

#.......o..# #######....#
#....# ## ###.#### #<
#...# ############ #.
#.######..........######.
#......#.##.#####........
######.#.##.###########..
####.#@##.........#####
#....#o#....#####......
#.####.#..#..< #..####
#.#....#.....#.##.... #
#....###.....# ##.##.##
###### #.....# ... .##
#.##### #### ## #.


You could see an orc.

Vanquished Creatures
  An adder (D:2)
  A worm (D:4)
  An orc (D:4)
  A bat (D:2)
  A giant cockroach (D:1)
  A goblin (D:3)
  A hobgoblin (D:3)
  A quokka (D:3)
  3 frilled lizards
  A kobold (D:3)
  A rat (D:3)
13 creatures vanquished.

Notes
Turn   | Place    | Note
-------+----------+-------------------------------------------
     0 | D:1      | letownia2 the Tengu Wizard began the quest for the Orb.
     0 | D:1      | Reached XP level 1. HP: 10/10 MP: 5/5
   145 | D:2      | Reached XP level 2. HP: 6/15 MP: 0/7
   175 | D:2      | Learned a level 2 spell: Blink
   399 | D:4      | Reached XP level 3. HP: 19/19 MP: 0/9
   404 | D:4      | Learned a level 3 spell: Mephitic Cloud
   408 | D:4      | Learned a level 3 spell: Conjure Flame
   495 | D:4      | Slain by an orc

Action                   || total
-------------------------++-------
Melee: Short sword       ||    22
       Kick              ||     3
 Cast: Magic Dart        ||    37
       Mephitic Cloud    ||     1
Armor: Robe              ||     2
Dodge: Dodged            ||    27
